 Dungeon Crawl Stone Soup version 0.30-a0-605-gb2882149bf (webtiles) character file.

Game seed: 17571901283700337600

5 brightshaft the Slasher (level 1, -1/12 HPs)
             Began as a Tengu Gladiator on Jan 7, 2023.
             Slain by a rat (2 damage)
             ... on level 1 of the Dungeon.
             The game lasted 00:00:17 (27 turns).

brightshaft the Slasher (Tengu Gladiator)             Turns: 27, Time: 00:00:18

Health: -1/12      AC:  3    Str: 14    XL:     1   Next: 80%
Magic:  2/2        EV: 12    Int:  8    God:
Gold:   0          SH:  0    Dex: 15    Spells: 0/0 levels left

rFire   . . .      SeeInvis .    a - +0 long sword
rCold   . . .      Faith    .    (no shield)
rNeg    . . .      Spirit   .    b - +0 leather armour
rPois   .          Reflect  .    c - +0 hat
rElec   .          Harm     .    (no cloak)
rCorr   .          Rampage  .    (no gloves)
Will    .....                    (boots unavailable)
Stlth   +                        (no amulet)
HPRegen 0.22/turn                (no ring)
MPRegen 0.08/turn                (no ring)

@: no status effects
A: beak, talons 3
a: no special abilities


You were on level 1 of the Dungeon.
You visited 1 branch of the dungeon, and saw 1 of its levels.

Inventory:

Hand Weapons
 a - a +0 long sword (weapon)
Missiles
 d - 3 throwing nets (quivered)
 e - a javelin
Armour
 b - a +0 leather armour (worn)
 c - a +0 hat (worn)


   Skills:
 + Level 2.1 Fighting
 * Level 3.4 Long Blades
 - Level 2.0 Throwing
 + Level 0.3 Armour
 + Level 3.3 Dodging


You couldn't memorise any spells.
You didn't know any spells.
Your spell library was empty.

Dungeon Overview and Level Annotations

Branches:
Dungeon (1/15)

Altars:


Innate Abilities, Weirdness & Mutations

You have a beak for a mouth.
You have claws for feet.


Message History

You slash the giant cockroach!
You kill the giant cockroach!
You hit the jackal. You claw the jackal. Your peck misses the jackal.
The jackal is moderately wounded.
The jackal barely misses you. The jackal bites you. The jackal misses you.
You hit the jackal. You claw the jackal. You peck the jackal.
You kill the jackal!
The jackal bites you. x2
You closely miss the jackal. The jackal completely misses you.
The jackal bites you but does no damage.
The rat barely misses you. The jackal bites you. x2
You barely miss the jackal. The jackal barely misses you. x2
The rat closely misses you.
The jackal bites you but does no damage.
The jackal closely misses you.
You barely miss the jackal. Your kick misses the jackal. The rat bites you.
* * * LOW HITPOINT WARNING * * *
The jackal closely misses you. The jackal misses you.
The rat barely misses you.
You slash the jackal!
You kill the jackal!
The jackal bites you but does no damage. x2
You barely miss the rat. You claw the rat, but do no damage.
You peck the rat, but do no damage. The jackal bites you.
* * * LOW HITPOINT WARNING * * *
The rat misses you.
The jackal bites you but does no damage.
You closely miss the rat. The rat closely misses you.
The rat completely misses you. The jackal closely misses you.
You barely miss the rat. You peck the rat, but do no damage.
The jackal closely misses you. The rat bites you.
* * * LOW HITPOINT WARNING * * *
The rat barely misses you. The jackal closely misses you. The rat misses you.
The rat barely misses you.
You barely miss the rat. You claw the rat.
You kill the rat!
The jackal barely misses you.
The jackal bites you but does no damage.
The rat bites you.
You die...

#>. #..## ...##
...
###+#######'###
#..⌠...>...⌠..#
#......<......#
+⌠....###....⌠+
#.....h@†.....#
#######r#######
...Jrrh.
......Jr....
#.........:...#
###############


You could see a jelly, an endoplasm, 2 jackals and 4 rats.

Vanquished Creatures
  2 giant cockroaches (D:1)
  2 jackals (D:1)
  A rat (D:1)
5 creatures vanquished.

Notes
Turn   | Place    | Note
-------+----------+-------------------------------------------
     0 | D:1      | brightshaft the Tengu Gladiator began the quest for the
                  | Orb.
     0 | D:1      | Reached XP level 1. HP: 12/12 MP: 2/2
     1 | D:1      | Found a runed translucent door.
     2 | D:1      | Noticed a jelly
    27 | D:1      | Slain by a rat

Illustrated notes

Levels and vault maps discovered:
D:1:      dpeg_arrival_caged_fury, layout_loops_ring,
          dreamdust_ecumenical_altar_hidden_monk_grotto, minmay_misc_feat_iff,
          hangedman_decor_push, corexii_corridor_pit, hangedman_glass_teeth

Action                   || total
-------------------------++-------
Melee: Long sword        ||    15
       Kick              ||     5
       Peck              ||     3
Armor: Leather armour    ||     8
Dodge: Dodged            ||    24

Table legend: (Time is in decaauts)
 A = Elapsed time spent in this place.
 B = Non-inter-level travel time spent in this place.
 C = Inter-level travel time spent in this place.
 D = Time resting spent in this place.
 E = Time spent auto-exploring this place.
 F = Levels seen in this place.
 G = Mean time per level.
                   A        B        C        D        E       F      G
               +--------+--------+--------+--------+--------+-----+--------+
         Total |     30 |     30 |      0 |      0 |      7 |   1 |   30.0 |
       Dungeon |     30 |     30 |      0 |      0 |      7 |   1 |   30.0 |
               +--------+--------+--------+--------+--------+-----+--------+

Top non-repeatable levels by time:
     D:1: 30 daAuts
